 Dungeon Crawl Stone Soup version 0.29-a0-321-gf1c400731a (webtiles) character file.

Game seed: 13838975760045498168

8682 spaghetti the Covert (level 11, -5/86 (89) HPs)
             Began as a Gnoll Delver on Apr 4, 2022.
             Was a Priest of Okawaru.
             Killed from afar by a necromancer (19 damage)
             ... with a bolt of negative energy
             ... on level 10 of the Dungeon.
             The game lasted 00:18:17 (13599 turns).

spaghetti the Covert (Gnoll Delver)                Turns: 13599, Time: 00:18:18

HP:   -5/86 (89)    AC: 24    Str: 15    XL:     11   Next: 34%
MP:   29/29         EV:  7    Int:  9    God:    Okawaru [***...]
Gold: 1104          SH:  5    Dex: 15    Spells: 22/22 levels left

rFire   . . .      SeeInvis .   v - +7 dagger of the Magi {chaos, rPois MP+9, short}
rCold   . . .      Faith    .   (no shield)
rNeg    . . .      Spirit   .   i - +0 plate armour
rPois   +          Reflect  +   (no helmet)
rElec   .          Harm     .   (no cloak)
rCorr   .          Rampage  .   o - +2 pair of gloves
Will    .....                   (no boots)
Stlth   ..........              m - amulet of reflection
HPRegen 0.24/turn               q - +4 ring of protection
MPRegen 0.21/turn               N - +4 ring of protection

@: about to teleport, studying Summonings, lightly drained
A: fangs 1, strong nose, distributed training
a: Renounce Religion, Heroism


You were on level 10 of the Dungeon.
You worshipped Okawaru.
Okawaru was most pleased with you.
You visited 2 branches of the dungeon, and saw 11 of its levels.
You also visited: Bailey.

You collected 1104 gold pieces.


Innate Abilities, Weirdness & Mutations

You have very sharp teeth.
Your uncanny sense of smell can sniff out nearby items.
Your experience applies equally to all skills.


   Skills:
 + Level 9.1 Fighting
 + Level 6.2 Short Blades
 + Level 6.2 Long Blades
 + Level 6.2 Axes
 + Level 6.2 Maces & Flails
 + Level 6.2 Polearms
 + Level 6.2 Staves
 + Level 6.2 Slings
 + Level 6.2 Bows
 + Level 6.2 Crossbows
 + Level 6.2 Throwing
 + Level 6.2 Armour
 + Level 7.8 Dodging
 + Level 11.4 Stealth
 + Level 6.2 Shields
 + Level 7.8 Unarmed Combat
 + Level 6.2 Spellcasting
 + Level 5.1 Conjurations
 + Level 5.1 Hexes
 + Level 7.0 Summonings
 + Level 5.1 Necromancy
 + Level 5.1 Translocations
 + Level 5.1 Transmutations
 + Level 5.1 Fire Magic
 + Level 5.1 Ice Magic
 + Level 5.1 Air Magic
 + Level 5.1 Earth Magic
 + Level 5.1 Poison Magic
 + Level 6.8 Invocations
 + Level 6.2 Evocations


You had 22 spell levels left.
You didn't know any spells.
Your spell library contained the following spells:

 Spells                   Type           Power      Damage    Failure   Level
 Magic Dart               Conj           48%        1d5       82%         1
 Pain                     Necr           48%        1d6       82%         1
 Blink                    Tloc           24%        N/A       91%         2
 Ensorcelled Hibernation  Hex/Ice        24%        N/A       91%         2
 Passwall                 Tmut/Erth      10%        N/A       91%         2
 Searing Ray              Conj           24%        2d5       91%         2
 Lesser Beckoning         Tloc           12%        N/A       99%         3
 Spider Form              Tmut/Pois      12%        N/A       99%         3
 Swiftness                Air            12%        N/A       99%         3
 Anguish                  Hex/Necr       6%         N/A       100%        4
 Fulminant Prism          Conj/Hex       6%         3d7       100%        4
 Agony                    Necr           12%        N/A       100%        5
 Excruciating Wounds      Necr           6%         N/A       100%        5
 Manifold Assault         Tloc           12%        N/A       100%        5
 Chain Lightning          Conj/Air       6%         3d8       100%        9
 Fire Storm               Conj/Fire      6%         8d2       100%        9
 Shatter                  Erth           6%         3d9*      100%        9
 Summon Small Mammal      Summ           Unusable   N/A       N/A         1
 Call Canine Familiar     Summ           Unusable   N/A       N/A         3
 Summon Guardian Golem    Hex/Summ       Unusable   N/A       N/A         3

Inventory:

Hand Weapons
 v - the +7 dagger of the Magi (weapon) {chaos, rPois MP+9, short}
   (You found it on level 2 of the Dungeon)

   Each time it hits an enemy it has a different, random effect.
   rPois:     It protects you from poison.
   MP:        It affects your magic capacity (+9).
Missiles
 h - 3 boomerangs of dispersal {=f!fthrowing}
 k - 286 stones (quivered) {throwing}
 B - 7 boomerangs {throwing}
 F - 29 poisoned darts {throwing}
 L - 2 silver boomerangs {throwing}
 T - 3 curare-tipped darts {=fthrowing}
Armour
 a - a +0 leather armour
 i - a +0 plate armour (worn)
   (You found it on level 5 of the Dungeon)
 o - a +2 pair of gloves (worn)
   (You found it on level 5 of the Dungeon)
Magical Staves
 g - a staff of conjuration {!a@e2staff}
   (You found it on level 8 of the Dungeon)
 y - a staff of death {!astaff}
   (You found it on level 4 of the Dungeon)
Jewellery
 m - an amulet of reflection (around neck)
   (You found it on level 5 of the Dungeon)
 q - a +4 ring of protection (left hand)
   (You found it on level 1 of the Dungeon)
 r - a +4 ring of evasion
   (You found it on level 1 of the Dungeon)
 K - a ring of wizardry
   (You found it on level 6 of the Dungeon)
 N - a +4 ring of protection (right hand)
   (You found it on level 6 of the Dungeon)
Wands
 d - a wand of flame (24)
   (You found it on level 5 of the Dungeon)
 f - a wand of digging (8)
 R - a wand of mindburst (16)
   (You found it on level 7 of the Dungeon)
Scrolls
 b - 2 scrolls of fog
 c - 2 scrolls of magic mapping {!r}
 e - a scroll of vulnerability {!r!r}
 j - a scroll of torment {!r}
 l - a scroll of noise {!r}
 u - a scroll of fear
 A - 2 scrolls of teleportation {@r4}
 G - a scroll of blinking {!r}
 H - a scroll of amnesia {unknown}
Potions
 n - 3 potions of flight
 s - 3 potions of curing {unknown}
 t - 2 potions of attraction {!q}
 w - a potion of invisibility {unknown}
 x - 2 potions of degeneration {unknown}
 z - a potion of might {unknown}
 D - a potion of cancellation {unknown}
 E - 3 potions of lignification {!q}
 I - a potion of haste {@q3}
 J - 2 potions of heal wounds {@q2}
 M - 2 potions of berserk rage {unknown}
 O - a potion of magic {unknown}
 Q - a potion of ambrosia
 S - a potion of brilliance
Miscellaneous
 p - a condenser vane
   (You found it on level 7 of the Dungeon)

Dungeon Overview and Level Annotations

Branches:
Dungeon (10/15)            Temple (1/1) D:6            Lair (0/6) D:9
 Bailey (visited)
    Orc: D:9-12

Altars:
Ashenzari
Cheibriados
Dithmenos
Elyvilon
Fedhas
Gozag
Hepliaklqana
Kikubaaqudgha
Makhleb
Nemelex Xobeh
Okawaru
Qazlal
Ru
Sif Muna
Trog
Uskayaw
Vehumet
Wu Jian
Xom
Yredelemnul
Zin
The Shining One

.# ####..###.###
########....#......#
.........####......#
#########..........#
#..#####.##### #..#
#).)...# #..#
#)))...# ∆ #..#
#.)....# ∆ #@.#
##..))..#


.ZZZZ)ZZ.# #....)### .Z..p....# #............ #Z#Z###### #.....###.... ∆#
#.....# .. #.....# #.....# #.....# #.....# You could see a necromancer, 6
centaur warrior zombies and 3 centaur warrior skeletons.


Message History

The flying skull hits you but does no damage. x2
The flying skull barely misses you.
Unknown command.
You hit the flying skull.
The flying skull hits you but does no damage.
The flying skull hits you.
* * * LOW HITPOINT WARNING * * *
The flying skull misses you. 😨 HP[-1]
You take 1 damage, and now have 25/89 hp.
You hit the flying skull but do no damage.
Your punch misses the flying skull. You block the flying skull's attack.
The flying skull hits you but does no damage.
You closely miss the flying skull.
You feel like a meek peon again.
The flying skull hits you but does no damage.
The necromancer mumbles some strange words.
The necromancer binds the souls of nearby monsters.
The flying skull hits you but does no damage.
You puncture the flying skull!
You destroy the flying skull!
Okawaru accepts your kill.
The flying skull hits you but does no damage.
The flying skull hits you!
* * * LOW HITPOINT WARNING * * *
😱 HP[-7]
You take 7 damage, and now have 18/89 hp.
You miss the flying skull. Your bite misses the flying skull.
You block the flying skull's attack.
A centaur warrior zombie comes into view.
You block the centaur warrior skeleton's attack.
The centaur warrior skeleton kicks you but does no damage.
The flying skull hits you but does no damage.
You closely miss the flying skull.
You punch the flying skull, but do no damage.
Your bite misses the flying skull.
The flying skull hits you but does no damage.
The flying skull barely misses you.
The necromancer mumbles some strange words.
The necromancer binds the souls of nearby monsters.
The centaur warrior skeleton hits you but does no damage.
The centaur warrior skeleton kicks you.
* * * LOW HITPOINT WARNING * * *
😱 HP[-2]
You take 2 damage, and now have 16/89 hp.
You miss the flying skull. The flying skull closely misses you.
You block the flying skull's attack.
You block the centaur warrior skeleton's attack.
The centaur warrior skeleton kicks you but does no damage.
You hit the flying skull but do no damage.
The flying skull easily resists.
Your bite misses the flying skull. The flying skull barely misses you.
You block the flying skull's attack.
You block the centaur warrior skeleton's attack.
The centaur warrior skeleton kicks you.
* * * LOW HITPOINT WARNING * * *
The flying skull hits you but does no damage.
A shadow comes into view. 😱 HP[-2]
You take 2 damage, and now have 14/89 hp.
As you read the scroll of teleportation {@r4}, it crumbles to dust.
You feel strangely unstable. The flying skull barely misses you.
A shadow comes into view.
The flying skull hits you but does no damage.
Unknown command.
As you read the scroll of holy word, it crumbles to dust.
You speak a Word of immense power!
The flying skull convulses!
You destroy the flying skull!
Okawaru accepts your kill.
The wraith convulses!
You destroy the wraith!
Okawaru accepts your kill.
Okawaru will now gift you ammunition as you gain piety.
The flying skull convulses!
You destroy the flying skull!
Okawaru accepts your kill.
The wight convulses!
You destroy the wight!
Okawaru accepts your kill.
The shadow convulses!
You destroy the shadow!
Okawaru accepts your kill.
The centaur warrior zombie convulses!
The shadow convulses!
You destroy the shadow!
Okawaru accepts your kill.
The centaur warrior skeleton convulses!
The centaur warrior zombie convulses!
The centaur warrior skeleton convulses! x2
The centaur warrior zombie convulses!
The centaur skeleton convulses!
You destroy the centaur skeleton!
Okawaru accepts your kill.
The centaur warrior zombie convulses!
The shadow convulses!
You destroy the shadow!
Okawaru accepts your kill.
The centaur warrior zombie convulses! x2
The necromancer points at you and mumbles some strange words.
The bolt of negative energy hits the centaur warrior skeleton.
The centaur warrior skeleton completely resists.
The bolt of negative energy hits you!!
You feel drained.
You die...

Skill      XL: |  1  2  3  4  5  6  7  8  9 10 11 |
---------------+----------------------------------+-----
Stealth        | 10 11 | 11.4
Invocations    | 1 2 3 4 5 6 |  6.8
Short Blades   | 1 2 3 4 5 6 |  6.2
Long Blades    | 1 2 3 4 5 6 |  6.2
Axes           | 1 2 3 4 5 6 |  6.2
Maces & Flails | 1 2 3 4 5 6 |  6.2
Polearms       | 1 2 3 4 5 6 |  6.2
Staves         | 1 2 3 4 5 6 |  6.2
Slings         | 1 2 3 4 5 6 |  6.2
Bows           | 1 2 3 4 5 6 |  6.2
Crossbows      | 1 2 3 4 5 6 |  6.2
Throwing       | 1 2 3 4 5 6 |  6.2
Armour         | 1 2 3 4 5 6 |  6.2
Shields        | 1 2 3 4 5 6 |  6.2
Spellcasting   | 1 2 3 4 5 6 |  6.2
Conjurations   | 1 2 3 4 5 |  5.1
Hexes          | 1 2 3 4 5 |  5.1
Summonings     | 1 2 3 5 6 7 |  7.0
Necromancy     | 1 2 3 4 5 |  5.1
Translocations | 1 2 3 4 5 |  5.1
Transmutations | 1 2 3 4 5 |  5.1
Fire Magic     | 1 2 3 4 5 |  5.1
Ice Magic      | 1 2 3 4 5 |  5.1
Air Magic      | 1 2 3 4 5 |  5.1
Earth Magic    | 1 2 3 4 5 |  5.1
Poison Magic   | 1 2 3 4 5 |  5.1
Evocations     | 1 2 3 4 5 6 |  6.2
Dodging        | 5 6 7 |  7.8
Unarmed Combat | 5 6 7 |  7.8
Fighting       | 7 8 9 |  9.1

Action                   |  1- 3 |  4- 6 |  7- 9 | 10-12 || total
-------------------------+-------+-------+-------+-------++-------
Melee: Unarmed           |    26 |   127 |   209 |       ||   362
       Punch             |     2 |     6 |    16 |    34 ||    58
       Bite              |     1 |    21 |    70 |    47 ||   139
       Dagger            |       |       |   300 |   410 ||   710
Throw: Stone             |       |     2 |    31 |     2 ||    35
Invok: Heroism           |       |       |       |     2 ||     2
Evoke: Wand              |       |       |       |     3 ||     3
  Use: Potion            |     1 |     5 |     1 |       ||     7
       Scroll            |       |     1 |     7 |     7 ||    15
 Stab: Sleeping          |     2 |       |       |       ||     2
       Paralysed         |       |       |     2 |     1 ||     3
       Confused          |       |       |     1 |     2 ||     3
       Distracted        |       |       |     1 |       ||     1
       Petrifying        |       |       |     1 |       ||     1
Armor: Leather armour    |     3 |     1 |       |       ||     4
       Plate armour      |       |    39 |   400 |   273 ||   712
       Skin              |       |       |    26 |       ||    26
Dodge: Dodged            |    23 |    22 |   175 |   109 ||   329
Block: Other             |       |    13 |   139 |    78 ||   230
       Reflection        |       |       |     3 |     4 ||     7

Levels and vault maps discovered:
D:1:      dpeg_arrival_lava_temple_mockup, layout_basic
D:2:      layout_basic, minmay_misc_feat_roman, minmay_splitting_lines
D:3:      wander_river, layout_basic, ebering_ecumenical_altar_hall
D:4:      layout_basic, nicolae_vehumet_altar_sigil,
          mainiacjoe_overflow_large_starburst, grunt_temple_overflow_open,
          nicolae_overflow_hidden_temple, minmay_manual_monolith
D:5:      layout_rooms, jmf_multi_god_temple2, grunt_ministairs_2
D:6:      layout_rooms, minmay_temple_entry_drinking_statues,
          minmay_strange_pillars, uniq_sigmund, uniq_edmund
D:7:      layout_gridville, serial_glass, glass_columns_a, glass_columns_a,
          enter_bailey_3, minmay_three_doors
D:8:      layout_basic, zin_statuary, enter_ossuary_2
D:9:      layout_gridville, mainiacjoe_overflow_surrounded_room,
          lair_entry_dummy, uniq_pikel, uniq_joseph
D:10:     hangedman_screamer, layout_basic,
          nicolae_gozag_cash_rules_everything_around_me
Temple:   minmay_temple_curvy_loop

Notes
Turn   | Place    | Note
-------+----------+-------------------------------------------
     0 | D:5      | Reached skill level 9 in Stealth
     0 | D:5      | spaghetti the Gnoll Delver began the quest for the Orb.
     0 | D:5      | Reached XP level 1. HP: 23/23 MP: 1/1
     0 | D:5      | magus.rc [v1.9.6]
     2 | D:5      | Noticed an iguana
     4 | D:5      | Noticed a water moccasin
    21 | D:5      | HP: 4/23 [iguana (3)]
    24 | D:5      | Killed an iguana
    25 | D:5      | Reached XP level 2. HP: 5/29 MP: 2/2
    25 | D:5      | Reached XP level 3. HP: 7/35 MP: 3/3
    28 | D:6      | Noticed Sigmund
    30 | D:6      | HP: 6/35 [fell downstairs (1)]
   313 | D:5      | Noticed a sky beast
   322 | D:5      | Reached skill level 1 in Invocations
   330 | D:5      | Killed a water moccasin
   331 | D:5      | Reached skill level 1 in Short Blades
   331 | D:5      | Reached skill level 1 in Long Blades
   331 | D:5      | Reached skill level 1 in Axes
   331 | D:5      | Reached skill level 1 in Maces & Flails
   331 | D:5      | Reached skill level 1 in Polearms
   331 | D:5      | Reached skill level 1 in Staves
   331 | D:5      | Reached skill level 1 in Slings
   331 | D:5      | Reached skill level 1 in Bows
   331 | D:5      | Reached skill level 1 in Crossbows
   331 | D:5      | Reached skill level 1 in Throwing
   331 | D:5      | Reached skill level 1 in Armour
   331 | D:5      | Reached skill level 1 in Shields
   331 | D:5      | Reached skill level 1 in Spellcasting
   331 | D:5      | Reached skill level 1 in Conjurations
   331 | D:5      | Reached skill level 1 in Hexes
   331 | D:5      | Reached skill level 1 in Summonings
   331 | D:5      | Reached skill level 1 in Necromancy
   331 | D:5      | Reached skill level 1 in Translocations
   331 | D:5      | Reached skill level 1 in Transmutations
   331 | D:5      | Reached skill level 1 in Fire Magic
   331 | D:5      | Reached skill level 1 in Ice Magic
   331 | D:5      | Reached skill level 1 in Air Magic
   331 | D:5      | Reached skill level 1 in Earth Magic
   331 | D:5      | Reached skill level 1 in Poison Magic
   331 | D:5      | Reached skill level 1 in Evocations
   331 | D:5      | Reached XP level 4. HP: 15/41 MP: 3/6
   331 | D:5      | Reached XP level 5. HP: 18/47 MP: 3/7
   334 | D:5      | HP: 10/47 [something (6)]
   336 | D:5      | Killed a sky beast
   337 | D:5      | Reached skill level 2 in Invocations
   337 | D:5      | Reached XP level 6. HP: 12/53 MP: 4/8
   614 | D:5      | HP: 13/53 [iguana (12)]
   883 | D:5      | Reached skill level 5 in Dodging
   883 | D:5      | Reached skill level 5 in Unarmed Combat
   889 | D:5      | Reached skill level 2 in Short Blades
   889 | D:5      | Reached skill level 2 in Long Blades
   889 | D:5      | Reached skill level 2 in Axes
   889 | D:5      | Reached skill level 2 in Maces & Flails
   889 | D:5      | Reached skill level 2 in Polearms
   889 | D:5      | Reached skill level 2 in Staves
   889 | D:5      | Reached skill level 2 in Slings
   889 | D:5      | Reached skill level 2 in Bows
   889 | D:5      | Reached skill level 2 in Crossbows
   889 | D:5      | Reached skill level 2 in Throwing
   889 | D:5      | Reached skill level 2 in Armour
   889 | D:5      | Reached skill level 2 in Shields
   889 | D:5      | Reached skill level 2 in Spellcasting
   889 | D:5      | Reached skill level 2 in Evocations
  1163 | D:4      | Found an ornate altar of the Wu Jian Council.
  1770 | D:5      | HP: 9/53 [ogre/+0 giant spiked club (9)]
  1784 | D:5      | Reached skill level 7 in Fighting
  1784 | D:5      | Reached XP level 7. HP: 48/60 MP: 10/10
  1853 | D:5      | Found a large runed translucent door.
  1886 | D:5      | Found a large runed translucent door.
  1973 | D:5      | Reached skill level 2 in Conjurations
  1973 | D:5      | Reached skill level 2 in Hexes
  1973 | D:5      | Reached skill level 2 in Summonings
  1973 | D:5      | Reached skill level 2 in Necromancy
  1973 | D:5      | Reached skill level 2 in Translocations
  1973 | D:5      | Reached skill level 2 in Transmutations
  1973 | D:5      | Reached skill level 2 in Fire Magic
  1973 | D:5      | Reached skill level 2 in Ice Magic
  1973 | D:5      | Reached skill level 2 in Air Magic
  1973 | D:5      | Reached skill level 2 in Earth Magic
  1973 | D:5      | Reached skill level 2 in Poison Magic
  2097 | D:5      | Found a white marble altar of Elyvilon.
  2126 | D:5      | Reached skill level 10 in Stealth
  2126 | D:5      | Reached skill level 3 in Invocations
  2293 | D:5      | Found an ancient bone altar of Kikubaaqudgha.
  2586 | D:4      | HP: 14/60 [orc/+0 flail (7)]
  2589 | D:4      | Reached XP level 8. HP: 11/67 MP: 12/12
  2593 | D:4      | HP: 13/100 [orc/+0 mace (1)]
  2599 | D:4      | HP: 12/100 [orc/+0 mace (1)]
  3149 | D:1      | Reached skill level 3 in Short Blades
  3149 | D:1      | Reached skill level 3 in Long Blades
  3149 | D:1      | Reached skill level 3 in Axes
  3149 | D:1      | Reached skill level 3 in Maces & Flails
  3149 | D:1      | Reached skill level 3 in Polearms
  3149 | D:1      | Reached skill level 3 in Staves
  3149 | D:1      | Reached skill level 3 in Slings
  3149 | D:1      | Reached skill level 3 in Bows
  3149 | D:1      | Reached skill level 3 in Crossbows
  3149 | D:1      | Reached skill level 3 in Throwing
  3149 | D:1      | Reached skill level 3 in Armour
  3149 | D:1      | Reached skill level 3 in Shields
  3149 | D:1      | Reached skill level 3 in Spellcasting
  3149 | D:1      | Reached skill level 3 in Evocations
  4182 | D:2      | Identified the +7 dagger of the Magi {chaos, rPois MP+9}
  4372 | D:2      | You pick up a book of Pain and begin reading...
  4372 | D:2      | You add the spells Pain, Agony and Excruciating Wounds to
                  | your library.
  4595 | D:3      | Found a faded altar of an unknown god.
  4824 | D:3      | You pick up a book of Burglary and begin reading...
  4824 | D:3      | You add the spells Passwall, Ensorcelled Hibernation and
                  | Swiftness to your library.
  5034 | D:4      | Found a radiant altar of Vehumet.
  5072 | D:4      | Found a hide-covered altar of Uskayaw.
  5079 | D:4      | Found a bloodstained altar of Trog.
  5134 | D:4      | Found a glowing golden altar of the Shining One.
  5141 | D:4      | Found a shimmering blue altar of Sif Muna.
  5317 | D:4      | You pick up a book of Spatial Translocations and begin
                  | reading...
  5317 | D:4      | You add the spells Blink, Lesser Beckoning and Manifold
                  | Assault to your library.
  5374 | D:4      | You pick up a book of Callings and begin reading...
  5374 | D:4      | You add the spells Summon Small Mammal, Call Canine
                  | Familiar and Summon Guardian Golem to your library.
  5799 | D:6      | Killed Sigmund
  5800 | D:6      | Reached skill level 3 in Summonings
  5917 | D:6      | Noticed Edmund
  5937 | D:6      | Killed Edmund
  6173 | D:6      | You pick up a book of Annihilations and begin reading...
  6173 | D:6      | You add the spells Chain Lightning, Fire Storm and Shatter
                  | to your library.
  6186 | D:6      | Found a staircase to the Ecumenical Temple.
  6261 | D:6      | Reached skill level 4 in Invocations
  6264 | D:6      | Noticed a yak
  6267 | D:6      | Noticed a yak
  6267 | D:6      | Noticed a yak
  6276 | D:6      | Killed a yak
  6277 | D:6      | Reached skill level 6 in Dodging
  6277 | D:6      | Reached skill level 6 in Unarmed Combat
  6277 | D:6      | Reached skill level 3 in Conjurations
  6277 | D:6      | Reached skill level 3 in Hexes
  6277 | D:6      | Reached skill level 3 in Necromancy
  6277 | D:6      | Reached skill level 3 in Translocations
  6277 | D:6      | Reached skill level 3 in Transmutations
  6277 | D:6      | Reached skill level 3 in Fire Magic
  6277 | D:6      | Reached skill level 3 in Ice Magic
  6277 | D:6      | Reached skill level 3 in Air Magic
  6277 | D:6      | Reached skill level 3 in Earth Magic
  6277 | D:6      | Reached skill level 3 in Poison Magic
  6277 | D:6      | Reached XP level 9. HP: 61/72 MP: 14/14
  6331 | D:5      | Reached skill level 4 in Summonings
  6339 | D:5      | Reached skill level 4 in Short Blades
  6339 | D:5      | Reached skill level 4 in Long Blades
  6339 | D:5      | Reached skill level 4 in Axes
  6339 | D:5      | Reached skill level 4 in Maces & Flails
  6339 | D:5      | Reached skill level 4 in Polearms
  6339 | D:5      | Reached skill level 4 in Staves
  6339 | D:5      | Reached skill level 4 in Slings
  6339 | D:5      | Reached skill level 4 in Bows
  6339 | D:5      | Reached skill level 4 in Crossbows
  6339 | D:5      | Reached skill level 4 in Throwing
  6339 | D:5      | Reached skill level 4 in Armour
  6339 | D:5      | Reached skill level 4 in Shields
  6339 | D:5      | Reached skill level 4 in Spellcasting
  6339 | D:5      | Reached skill level 4 in Evocations
  6639 | D:6      | You pick up a book of Conjurations {@e2} and begin
                  | reading...
  6639 | D:6      | You add the spells Magic Dart, Searing Ray and Fulminant
                  | Prism to your library.
  7315 | D:7      | Found a flagged portal.
  7335 | Bailey   | Entered a bailey
  7406 | Bailey   | Reached skill level 8 in Fighting
  7536 | Bailey   | Noticed an orc knight
  7538 | Bailey   | HP: 15/74 [orc warrior/+0 halberd (11)]
  7540 | Bailey   | HP: 6/74 [orc warrior/+0 halberd (8)]
  7900 | D:7      | Reached skill level 5 in Invocations
  8155 | D:7      | Reached skill level 5 in Summonings
  8279 | D:7      | Noticed a boulder beetle
  8284 | D:7      | Noticed an ettin
  8284 | D:7      | a boulder beetle changed into an ettin
  8285 | D:7      | Identified a scroll of acquirement
  8285 | D:7      | Acquired 658 gold pieces
  8469 | D:8      | Reached XP level 10. HP: 40/80 MP: 17/17
  8474 | D:8      | Reached skill level 4 in Conjurations
  8474 | D:8      | Reached skill level 4 in Hexes
  8474 | D:8      | Reached skill level 4 in Necromancy
  8474 | D:8      | Reached skill level 4 in Translocations
  8474 | D:8      | Reached skill level 4 in Transmutations
  8474 | D:8      | Reached skill level 4 in Fire Magic
  8474 | D:8      | Reached skill level 4 in Ice Magic
  8474 | D:8      | Reached skill level 4 in Air Magic
  8474 | D:8      | Reached skill level 4 in Earth Magic
  8474 | D:8      | Reached skill level 4 in Poison Magic
  8487 | D:8      | Found a glowing silver altar of Zin.
  8679 | D:8      | Noticed a two-headed ogre
  8688 | D:8      | HP: 14/80 [two-headed ogre/+0 dire flail (9)]
  8985 | D:8      | You pick up a book of Dreams and begin reading...
  8985 | D:8      | You add the spells Spider Form and Anguish to your library.
  9211 | D:8      | Killed a two-headed ogre
  9212 | D:8      | Reached skill level 5 in Short Blades
  9212 | D:8      | Reached skill level 5 in Long Blades
  9212 | D:8      | Reached skill level 5 in Axes
  9212 | D:8      | Reached skill level 5 in Maces & Flails
  9212 | D:8      | Reached skill level 5 in Polearms
  9212 | D:8      | Reached skill level 5 in Staves
  9212 | D:8      | Reached skill level 5 in Slings
  9212 | D:8      | Reached skill level 5 in Bows
  9212 | D:8      | Reached skill level 5 in Crossbows
  9212 | D:8      | Reached skill level 5 in Throwing
  9212 | D:8      | Reached skill level 5 in Armour
  9212 | D:8      | Reached skill level 5 in Shields
  9212 | D:8      | Reached skill level 5 in Spellcasting
  9212 | D:8      | Reached skill level 5 in Evocations
  9442 | D:8      | Reached skill level 7 in Dodging
  9442 | D:8      | Reached skill level 7 in Unarmed Combat
 10174 | Temple   | Entered the Ecumenical Temple
 10416 | Temple   | Became a worshipper of Warmaster Okawaru
 10728 | D:9      | Found a staircase to the Lair.
 10805 | D:9      | Reached skill level 11 in Stealth
 11192 | D:9      | Reached skill level 6 in Summonings
 11287 | D:9      | Noticed Joseph
 11309 | D:9      | Killed Joseph
 11310 | D:9      | Reached skill level 6 in Invocations
 11605 | D:9      | Reached * piety under Okawaru
 11837 | D:9      | Found a snail-covered altar of Cheibriados.
 12195 | D:9      | Noticed Pikel
 12215 | D:9      | Killed Pikel
 12458 | D:10     | Entered Level 10 of the Dungeon
 12578 | D:10     | Reached XP level 11. HP: 77/86 MP: 19/19
 12685 | D:10     | Reached ** piety under Okawaru
 12930 | D:10     | Reached skill level 9 in Fighting
 12930 | D:10     | Reached skill level 6 in Short Blades
 12930 | D:10     | Reached skill level 6 in Long Blades
 12930 | D:10     | Reached skill level 6 in Axes
 12930 | D:10     | Reached skill level 6 in Maces & Flails
 12930 | D:10     | Reached skill level 6 in Polearms
 12930 | D:10     | Reached skill level 6 in Staves
 12930 | D:10     | Reached skill level 6 in Slings
 12930 | D:10     | Reached skill level 6 in Bows
 12930 | D:10     | Reached skill level 6 in Crossbows
 12930 | D:10     | Reached skill level 6 in Throwing
 12930 | D:10     | Reached skill level 6 in Armour
 12930 | D:10     | Reached skill level 6 in Shields
 12930 | D:10     | Reached skill level 6 in Spellcasting
 12930 | D:10     | Reached skill level 6 in Evocations
 12948 | D:10     | Reached skill level 5 in Conjurations
 12948 | D:10     | Reached skill level 5 in Hexes
 12948 | D:10     | Reached skill level 5 in Necromancy
 12948 | D:10     | Reached skill level 5 in Translocations
 12948 | D:10     | Reached skill level 5 in Transmutations
 12948 | D:10     | Reached skill level 5 in Fire Magic
 12948 | D:10     | Reached skill level 5 in Ice Magic
 12948 | D:10     | Reached skill level 5 in Air Magic
 12948 | D:10     | Reached skill level 5 in Earth Magic
 12948 | D:10     | Reached skill level 5 in Poison Magic
 13151 | D:10     | Noticed a two-headed ogre
 13156 | D:10     | Killed a two-headed ogre
 13399 | D:10     | Found an opulent altar of Gozag.
 13574 | D:10     | Noticed a necromancer
 13581 | D:10     | Noticed a necromancer
 13584 | D:10     | Reached skill level 7 in Summonings
 13593 | D:10     | HP: 18/89 [flying skull (7)]
 13599 | D:10     | Reached *** piety under Okawaru
 13599 | D:10     | Killed from afar by a necromancer

Vanquished Creatures
  2 two-headed ogres
  Pikel (D:9)
  Joseph (D:9)
  A gargoyle (D:10)
  A slime creature (D:7)
  4 flying skulls (D:10)
  Sigmund (D:6)
  A culicivora (D:10)
  4 shadows (D:10)
  6 yaks
  A wyvern (D:9)
  A wraith (D:10)
  A steam dragon (D:9)
  Edmund (D:6)
  A water moccasin (D:5)
  3 sky beasts
  4 orc warriors
  3 black bears
  2 centaurs
  2 ogres (D:5)
  A lemure (D:9)
  A phantom (D:6)
  2 kobold brigands
  3 bullfrogs (D:8)
  A necrophage (D:7)
  9 wights
  18 killer bees
  4 hounds
  2 jellies (D:7)
  5 orc priests
  A centaur skeleton (D:10)
  7 iguanas
  9 orc wizards
  8 adders
  10 gnolls
  4 white imps
  2 dart slugs (D:1)
  35 orcs
  6 ball pythons
  4 endoplasms
  3 giant cockroaches
  8 hobgoblins
  7 jackals
  20 kobolds
  A quokka (D:3)
  5 bats
  5 frilled lizards
  6 goblins
  2 rats
230 creatures vanquished.

Vanquished Creatures (collateral kills)
  An orc warrior (Bailey)
  A gnoll (D:7)
2 creatures vanquished.

Grand Total: 232 creatures vanquished

Table legend:
 A = Non-vault XP
 B = Vault XP
 C = Vault XP percentage of total XP
 D = Non-vault monster count
 E = Vault monster count
 F = Vault count percentage of total count
                 A         B        C        D         E       F
            +---------+---------+-------+---------+---------+-------
      Total |    9611 |    4196 |  30.4 |     199 |      33 |  14.2
            +---------+---------+-------+---------+---------+-------
        D:1 |      32 |       0 |   0.0 |      17 |       0 |   0.0
        D:2 |      48 |       0 |   0.0 |      15 |       0 |   0.0
        D:3 |      63 |       0 |   0.0 |      17 |       0 |   0.0
        D:4 |     189 |      53 |  21.9 |      18 |       6 |  25.0
        D:5 |    1319 |     144 |   9.8 |      24 |       3 |  11.1
        D:6 |     564 |     376 |  40.0 |      17 |       2 |  10.5
        D:7 |    1012 |     396 |  28.1 |      23 |       6 |  20.7
        D:8 |    1697 |       0 |   0.0 |      20 |       0 |   0.0
        D:9 |    1599 |    1086 |  40.4 |      23 |       2 |   8.0
       D:10 |    3088 |    1881 |  37.9 |      25 |      10 |  28.6
     Bailey |       0 |     260 | 100.0 |       0 |       4 | 100.0
            +---------+---------+-------+---------+---------+-------

Illustrated notes

Table legend:
 A = Kills in this place as a percentage of kills in entire the game.
 B = Kills by you in this place as a percentage of kills by you in the entire game.
 C = Kills by friends in this place as a percentage of kills by friends in the entire game.
 D = Other kills in this place as a percentage of other kills in the entire game.
 E = Experience gained in this place as a percentage of experience gained in the entire game.
 F = Experience gained in this place divided by the number of levels of this place that you have seen.
                   A       B       C       D       E      F
               +-------+-------+-------+-------+-------+----------------------
         Total | 100.0 | 100.0 | 100.0 | 100.0 | 100.0 | 1150.6
       Dungeon |  98.3 |  98.7 |  50.0 | 100.0 |  98.1 | 1354.7
        Bailey |   1.7 |   1.3 |  50.0 |   0.0 |   1.9 | 260.0
               +-------+-------+-------+-------+-------+----------------------

Table legend: (Time is in decaauts)
 A = Elapsed time spent in this place.
 B = Non-inter-level travel time spent in this place.
 C = Inter-level travel time spent in this place.
 D = Time resting spent in this place.
 E = Time spent auto-exploring this place.
 F = Levels seen in this place.
 G = Mean time per level.
                   A        B        C        D        E       F      G
               +--------+--------+--------+--------+--------+-----+--------+
         Total |  13399 |  12830 |    569 |   4353 |   6781 |  12 | 1116.6 |
       Dungeon |  12904 |  12406 |    498 |   4247 |   6550 |  10 | 1290.4 |
        Temple |    271 |    201 |     70 |      0 |    196 |   1 |  271.0 |
        Bailey |    223 |    223 |      0 |    106 |     35 |   1 |  223.0 |
               +--------+--------+--------+--------+--------+-----+--------+

Top non-repeatable levels by time:
     D:5: 2389 daAuts
     D:9: 2093 daAuts
     D:7: 1631 daAuts
     D:4: 1393 daAuts
     D:8: 1304 daAuts
    D:10: 1084 daAuts
     D:6: 937 daAuts
     D:2: 849 daAuts
     D:1: 650 daAuts
     D:3: 568 daAuts
  Temple: 271 daAuts
  Bailey: 223 daAuts
